 Dungeon Crawl Stone Soup version 0.32-a0-520-g344ed53f66 (webtiles) character file.

Game seed: 5935213311713116071

396 BubbleThief the Trooper (level 6, -8/53 HPs)
             Began as a Demonspawn Reaver on Feb 27, 2024.
             Mangled by a wyvern (10 damage)
             ... on level 7 of the Dungeon.
             The game lasted 00:05:52 (2590 turns).

BubbleThief the Trooper (Demonspawn Reaver)         Turns: 2590, Time: 00:05:53

Health: -8/53      AC:  5    Str: 15    XL:     6   Next: 52%
Magic:  9/9        EV: 11    Int: 13    God:
Gold:   136        SH:  0    Dex: 11    Spells: 8/9 levels left

rFire   . . .        m - +8 whip of Fosata {freeze, Stlth+}
rCold   . . .        (no shield)
rNeg    . . .        b - +0 leather armour
rPois   .            (no helmet)
rElec   .            r - +1 cloak
rCorr   .            (no gloves)
SInv    .            (boots unavailable)
Will    .....        (no amulet)
Stlth   ++           (no ring)
HPRegen 0.28/turn    (no ring)
MPRegen 0.11/turn

%: no passive effects
@: lethally poisoned (-8 -> -11), weak-willed
A: hooves 3, powered by death 1
a: no special abilities


You were on level 7 of the Dungeon.
You visited 1 branch of the dungeon, and saw 5 of its levels.

You collected 136 gold pieces.

Inventory:

Hand Weapons
 a - a +0 spear
 m - the +8 whip of Fosata (weapon) {freeze, Stlth+}
   (You found it on level 2 of the Dungeon)

   Stlth+:    It makes you more stealthy.
 s - a +2 orcbow of freezing
Missiles
 k - 6 atropa-tipped darts
Armour
 b - a +0 leather armour (worn)
 l - a scarf of repulsion
 r - a +1 cloak (worn)
Magical Staves
 i - a staff of death
Scrolls
 f - 6 scrolls of identify
 g - 3 scrolls of enchant armour
 q - 3 scrolls of butterflies {unknown}
Potions
 c - a potion of curing
 e - a potion of heal wounds {unknown}
 h - a potion of degeneration {unknown}
 o - 3 potions of lignification {unknown}


   Skills:
 + Level 6.6 Fighting
 - Level 3.4 Polearms
 - Level 1.7 Dodging
 - Level 2.0 Spellcasting
 - Level 3.0 Conjurations


You had 8 spell levels left.
You knew the following spells:

 Your Spells              Type           Power      Damage    Failure   Level
a - Kiss of Death         Conj/Necr      20%        2d7       17%         1

Your spell library contained the following spells:

 Spells                   Type           Power      Damage    Failure   Level
 Momentum Strike          Conj/Tloc      10%        3d8       26%         2
 Hailstorm                Conj/Ice       5%         3d5       45%         3


Dungeon Overview and Level Annotations

Branches:
Dungeon (4/15)
 Temple: D:4-7

Altars:
Wu Jian

Shops:
D:1 [


Innate Abilities, Weirdness & Mutations

You have hooves in place of feet.
You regenerate a little health from kills.


Message History

You feel sick. The killer bee barely misses you.
You feel sick.
The killer bee stings you but does no damage.
You feel sick. The killer bee stings you.
* * * LOW HITPOINT WARNING * * *
You are lethally poisoned!
The killer bee poisons you!
* * * LOW HITPOINT WARNING * * *
You feel very sick. The killer bee closely misses you.
You feel better.
The killer bee stings you but does no damage.
The killer bee stings you.
* * * LOW HITPOINT WARNING * * *
As you read the scroll labelled XEM KAIPAS, it crumbles to dust.
You feel strangely unstable.
It was a scroll of teleportation.
The killer bee stings you.
* * * LOW HITPOINT WARNING * * *
The killer bee closely misses you.
You hit the killer bee. You freeze the killer bee.
Your kick misses the killer bee.
The killer bee is moderately wounded.
The killer bee stings you.
* * * LOW HITPOINT WARNING * * *
The killer bee stings you.
* * * LOW HITPOINT WARNING * * *
You are lethally poisoned!
The killer bee poisons you!
You feel better.
Your surroundings seem slightly different.
The wyvern bites you but does no damage.
Unknown command.
The killer bee stings you!
* * * LOW HITPOINT WARNING * * *
You are lethally poisoned!
The killer bee poisons you!
* * * LOW HITPOINT WARNING * * *
You feel sick. The killer bee barely misses you. The wyvern barely misses you.
The killer bee closely misses you. The wyvern bites you!
You die...

........g.g.### .##
##.....g...# ..# ..
#.[........# #.# #.#
#.......y.g# #.#####.#
#..y...y..S# #..#....#
#....§§§§..# #....#..#
#....§§§§..# ##.#.....#
##..{§§§§.####........##
##..§§§.###.@..#......##
##.§§.....yk###.......##
#../.....g.###.....#..#
#..........##......##.##
#..........#)......##..##
###########..#.....###..##
#.##.....# ##..##
...##.....# ##..#
.#########.# ##..


You could see a wyvern, a killer bee and a gnoll (weak-willed).

Vanquished Creatures
  A centaur (D:7)
  A bullfrog (D:7)
  A jelly (D:4)
  2 orc priests (D:7)
  An orc wizard (D:3)
  3 adders
  4 gnolls (D:2)
  2 ribbon worms (D:3)
  A dart slug (D:1)
  4 orcs
  4 ball pythons
  3 bats
  6 endoplasms
  5 giant cockroaches
  5 goblins
  4 hobgoblins
  6 jackals
  A quokka (D:2)
  2 frilled lizards (D:3)
  5 kobolds
  7 rats
68 creatures vanquished.

Notes
Turn   | Place    | Note
-------+----------+-------------------------------------------
     0 | D:1      | BubbleThief the Demonspawn Reaver began the quest for the
                  | Orb.
     0 | D:1      | Reached XP level 1. HP: 16/16 MP: 3/3
   217 | D:1      | Gained mutation: You have large cloven feet. [demonic
                  | ancestry]
   217 | D:1      | Reached XP level 2. HP: 22/23 MP: 5/5
   386 | D:1      | Found Kamaff's Antique Armour Shoppe.
   532 | D:1      | Gained mutation: You have hoof-like feet. [demonic
                  | ancestry]
   532 | D:1      | Reached XP level 3. HP: 28/28 MP: 6/6
   909 | D:2      | Reached skill level 3 in Fighting
   960 | D:2      | Identified the +8 whip of Fosata {freeze, Stlth+}
  1216 | D:2      | Found a faded altar of an unknown god.
  1459 | D:2      | Gained mutation: You regenerate a little health from kills.
                  | [demonic ancestry]
  1459 | D:2      | Reached XP level 4. HP: 10/33 MP: 4/7
  1561 | D:2      | Reached skill level 4 in Fighting
  1773 | D:3      | Found an ornate altar of the Wu Jian Council.
  1977 | D:3      | Reached XP level 5. HP: 25/33 MP: 8/8
  2329 | D:4      | Reached skill level 5 in Fighting
  2377 | D:4      | You fall into a shaft and drop 3 floors!
  2451 | D:7      | Reached skill level 6 in Fighting
  2451 | D:7      | Gained mutation: You have hooves in place of feet. [demonic
                  | ancestry]
  2451 | D:7      | Reached XP level 6. HP: 33/52 MP: 9/9
  2570 | D:7      | Noticed a water moccasin
  2570 | D:7      | Noticed a wyvern
  2587 | D:7      | HP: 2/53 [killer bee (3)]
  2590 | D:7      | Mangled by a wyvern

Illustrated notes

Levels and vault maps discovered:
D:1:      lemuel_arrival_tunnels, layout_rooms, serial_shops, shop_fountains,
          minmay_misc_feat_x, nicolae_kite_square_tiling_tiny
D:2:      layout_basic, shapermc_ecumenical_altar_mp_highgroup, basic_altar,
          hangedman_glass_teeth, hangedman_decor_diamond_cutter,
          minmay_misc_feat_hallway
D:3:      minmay_angry_zag, layout_rooms, nicolae_wu_jian_wuxing_cycle,
          corexii_corridor_pit
D:4:      minmay_wonky_spiral, layout_rooms, minmay_temple_entry_glass
D:7:      layout_rooms, hellmonk_no_cap

Skill      XL: |  1  2  3  4  5 |
---------------+----------------+-----
Polearms       | 3 |  3.4
Fighting       | 3 4 6 |  6.6
Dodging        | |  1.7
Spellcasting   | |  2.0
Conjurations   | |  3.0

Action                     |  1- 3 |  4- 6 || total
---------------------------+-------+-------++-------
  Melee: Spear             |   122 |       ||   122
         Kick              |    24 |    12 ||    36
         Whip              |    15 |    60 ||    75
   Cast: Kiss of Death     |     1 |     2 ||     3
    Use: Scroll            |       |     6 ||     6
         Potion            |       |     2 ||     2
   Stab: Sleeping          |     2 |     3 ||     5
 Armour: Leather armour    |    71 |    51 ||   122
  Dodge: Dodged            |    64 |    48 ||   112
         Repelled          |       |     1 ||     1

Table legend: (Time is in decaauts)
 A = Elapsed time spent in this place.
 B = Non-inter-level travel time spent in this place.
 C = Inter-level travel time spent in this place.
 D = Time resting spent in this place.
 E = Time spent auto-exploring this place.
 F = Levels seen in this place.
 G = Mean time per level.
                   A        B        C        D        E       F      G
               +--------+--------+--------+--------+--------+-----+--------+
         Total |   2592 |   2410 |    182 |     74 |   1710 |   5 |  518.4 |
       Dungeon |   2592 |   2410 |    182 |     74 |   1710 |   5 |  518.4 |
               +--------+--------+--------+--------+--------+-----+--------+

Top non-repeatable levels by time:
     D:2: 1134 daAuts
     D:1: 628 daAuts
     D:3: 553 daAuts
     D:7: 214 daAuts
     D:4: 61 daAuts
